 Dungeon Crawl Stone Soup version 0.31-a0-845-g9abc20d24f (webtiles) character file.

Game seed: 11506765240921422947

161 Danienth the Chopper (level 6, 0/52 HPs)
             Began as a Meteoran Fighter on Oct 3, 2023.
             Slain by a gnoll bouda
             ... wielding a +0 whip
              (2 damage)
             ... on level 4 of the Dungeon.
             The game lasted 00:07:56 (1073 turns).

Danienth the Chopper (Meteoran Fighter)             Turns: 1073, Time: 00:07:57

Health: 0/52       AC: 11    Str: 19    XL:     6   Next: 2%
Magic:  7/7        EV:  9    Int: 10    God:
Gold:   158        SH:  6    Dex: 14    Spells: 5/5 levels left

rFire   . . .        a - +0 war axe
rCold   . . .        c - +1 buckler
rNeg    . . .        b - +0 scale mail
rPois   .            m - +0 helmet
rElec   .            g - +2 cloak
rCorr   .            (no gloves)
SInv    .            (no boots)
Will    .....        (no amulet) Stlth
                     (no ring)
HPRegen 0.28/turn    (no ring)
MPRegen 0.10/turn

%: no passive effects
@: weakened, glowing
A: sense surroundings 1, otherworldly, glowing, explore regen
a: no special abilities


You were on level 4 of the Dungeon.
You visited 1 branch of the dungeon, and saw 4 of its levels.

You collected 158 gold pieces.

Inventory:

Hand Weapons
 a - a +0 war axe (weapon)
 d - a +3 quarterstaff of chaos
 i - a +2 antimagic dagger
Missiles
 f - 8 poisoned darts
Armour
 b - a +0 scale mail (worn)
 c - a +1 buckler (worn)
 g - a +2 cloak (worn)
 m - a +0 helmet (worn)
 r - a +1 cloak of preservation
Jewellery
 o - a +6 ring of dexterity
Scrolls
 l - a scroll of immolation {unknown}
 q - a scroll of amnesia {unknown}
 s - a scroll of enchant armour
 t - a scroll of teleportation {unknown}
Potions
 e - a potion of resistance {unknown}
 k - a potion of heal wounds {unknown}
 n - a potion of attraction {unknown}
 p - 2 potions of brilliance


   Skills:
 + Level 4.1 Fighting
 * Level 4.5 Axes
 + Level 4.1 Armour
 + Level 4.1 Shields


You had 5 spell levels left.
You didn't know any spells.
Your spell library was empty.

Dungeon Overview and Level Annotations

Branches:
Dungeon (4/15) Zot: 1276
 Temple: D:4-7

Altars:

Annotations:
D:4 Grinder


Innate Abilities, Weirdness & Mutations

You passively map a small area around you.
You are easily found by Zot.
You glow in the dark.
You regain HP and MP as you explore.


Message History

Cleave: a) +0 war axe
Press: ? - help, Dir - move target, f/p - gnoll bouda
Aim: a gnoll bouda, wielding a +0 whip and wearing a +0 robe (moderately wounded, about 36% to evade your +0 war axe)
You hit the gnoll bouda but do no damage.
The gnoll bouda is moderately wounded.
You slash Grinder! Grinder hits you but does no damage.
The gnoll bouda hits you with a +0 whip.
* * * LOW HITPOINT WARNING * * *
The gnoll hits you but does no damage. The gnoll barely misses you.
You block Grinder's attack.
The gnoll bouda hits you but does no damage.
Cleave: a) +0 war axe
Press: ? - help, Dir - move target, f/p - gnoll bouda
Aim: a gnoll bouda, wielding a +0 whip and wearing a +0 robe (moderately wounded, about 36% to evade your +0 war axe)
You barely miss the gnoll bouda.
The gnoll bouda is moderately wounded.
You closely miss Grinder.
The gnoll hits you from afar with a +0 halberd!
* * * LOW HITPOINT WARNING * * *
You block the gnoll's attack. Grinder hits you but does no damage.
The gnoll bouda gazes fiercely through you!
You feel your attacks grow feeble. The gnoll bouda barely misses you.
Cleave: a) +0 war axe
Press: ? - help, Dir - move target, f/p - gnoll bouda
Aim: a gnoll bouda, wielding a +0 whip and wearing a +0 robe (moderately wounded, about 36% to evade your +0 war axe)
You hit the gnoll bouda.
The gnoll bouda is heavily wounded.
You closely miss Grinder.
You feel less wooden.
Your +2 cloak unmelds from your body.
Your +0 helmet unmelds from your body.
Your +0 scale mail unmelds from your body.
The gnoll is no longer moving quickly.
The gnoll hits you from afar with a +0 halberd.
* * * LOW HITPOINT WARNING * * *
The gnoll closely misses you. Grinder gestures at you.
You struggle to resist.
The gnoll bouda hits you with a +0 whip.
You die...

....., , *
..#.## * ,.....
* * * * #...#*
, #...# **
#...######.
#.gg.?.>... ,
####..)#5##.##
.......g@)....#
* * , ,
........).....#
**
............>.#
*
.####...#.##.##
#...... ,..,
#...#### #. *
#...# * * ....,
, , ,


You could see Grinder, a gnoll bouda and 2 gnolls.

Vanquished Creatures
  Crazy Yiuf (D:2)
  Robin (D:2)
  A gnoll (D:4)
  4 adders
  A worm (D:2)
  2 dart slugs
  6 orcs
  A giant cockroach (D:1)
  14 goblins
  9 hobgoblins
  9 kobolds
  3 quokkas (D:1)
  3 ball pythons
  3 bats
  3 frilled lizards
  3 rats
64 creatures vanquished.

Notes
Turn   | Place    | Note
-------+----------+-------------------------------------------
     0 | D:1      | Danienth the Meteoran Fighter began the quest for the Orb.
     0 | D:1      | Reached XP level 1. HP: 19/19 MP: 2/2
     0 | D:1      | Noticed an ogre
     1 | D:1      | Noticed a demonspawn
     2 | D:1      | Noticed a merfolk
     4 | D:1      | Noticed a draconian
     6 | D:1      | Noticed a barachi
    15 | D:1      | Noticed a demonspawn
    15 | D:1      | Noticed a demigod
    17 | D:1      | Noticed an octopode
    19 | D:1      | Noticed a vampire
    19 | D:1      | Noticed a draconian
    21 | D:1      | Noticed a merfolk
    23 | D:1      | Noticed an ogre
    76 | D:1      | Reached XP level 2. HP: 26/26 MP: 3/3
   249 | D:1      | Reached XP level 3. HP: 26/31 MP: 4/4
   271 | D:1      | Found a faded altar of an unknown god.
   425 | D:2      | Noticed Robin
   437 | D:2      | Reached XP level 4. HP: 35/40 MP: 5/5
   446 | D:2      | Killed Robin
   741 | D:2      | Reached XP level 5. HP: 46/46 MP: 6/6
   765 | D:2      | Found a runed translucent door.
   766 | D:2      | Noticed Crazy Yiuf
   772 | D:2      | Killed Crazy Yiuf
  1041 | D:4      | Noticed Grinder
  1065 | D:4      | Reached XP level 6. HP: 30/52 MP: 7/7
  1073 | D:4      | HP: 2/52 [gnoll/+0 halberd[a gnoll bouda] (1)]
  1073 | D:4      | Slain by a gnoll bouda

Illustrated notes

Levels and vault maps discovered:
D:1:      shiori_arrival_whats_in_store_for_you, layout_basic, serial_shops,
          shop, hellmonk_ecumenical_altar_prayer_group, serial_bayou_ford_a,
          st_stairs_6
D:2:      layout_rooms, uniq_crazy_yiuf_cottage, uniq_robin
D:3:      layout_basic, mainiacjoe_overflow_swirl
D:4:      layout_loops_cross, mainiacjoe_overflow_paths,
          nicolae_ru_sacrificial_ziggurat, uniq_grinder, uniq_duvessa

Skill      XL: |  1  2  3  4  5 |
---------------+----------------+-----
Axes           | 3 4 |  4.5
Shields        | 4 |  4.1
Fighting       | 4 |  4.1
Armour         | 4 |  4.1

Action                     |  1- 3 |  4- 6 || total
---------------------------+-------+-------++-------
  Melee: War axe           |    60 |    82 ||   142
    Use: Potion            |     1 |     5 ||     6
         Scroll            |     1 |     2 ||     3
 Armour: Scale mail        |    51 |    46 ||    97
         Skin              |       |    86 ||    86
  Dodge: Dodged            |    36 |    21 ||    57
  Block: Buckler           |    21 |    51 ||    72

Table legend: (Time is in decaauts)
 A = Elapsed time spent in this place.
 B = Non-inter-level travel time spent in this place.
 C = Inter-level travel time spent in this place.
 D = Time resting spent in this place.
 E = Time spent auto-exploring this place.
 F = Levels seen in this place.
 G = Mean time per level.
                   A        B        C        D        E       F      G
               +--------+--------+--------+--------+--------+-----+--------+
         Total |   1122 |    876 |    246 |      0 |    555 |   4 |  280.5 |
       Dungeon |   1122 |    876 |    246 |      0 |    555 |   4 |  280.5 |
               +--------+--------+--------+--------+--------+-----+--------+

Top non-repeatable levels by time:
     D:2: 450 daAuts
     D:1: 401 daAuts
     D:3: 227 daAuts
     D:4: 44 daAuts
